 Dungeon Crawl Stone Soup version 0.28.0-53-g5a82cb258f (webtiles) character file.

Game seed: 12570947080791417159

89 Sin92 the Skirmisher (level 4, -5/36 HPs)
             Began as a Demonspawn Fighter on June 7, 2022.
             Killed by divine providence
             ... invoked by an orc priest
              (9 damage)
             ... on level 3 of the Dungeon.
             The game lasted 00:01:57 (2239 turns).

Sin92 the Skirmisher (Demonspawn Fighter)           Turns: 2239, Time: 00:01:57

Health: -5/36      AC:  6    Str: 14 (16) XL:     4   Next: 31%
Magic:  4/4        EV:  8    Int:  6 (9)  God:
Gold:   130        SH:  4    Dex: 13 (15) Spells: 3/3 levels left

rFire   . . .      SeeInvis .   a - +0 war axe
rCold   . . .      Faith    .   c - +0 buckler
rNeg    . . .      Spirit   .   b - +0 scale mail
rPois   .          Reflect  .   (no helmet)
rElec   .          Harm     .   (no cloak)
rCorr   .          Rampage  .   (no gloves)
Will    .....                   (no boots)
Stlth   ..........              g - amulet of regeneration
HPRegen 0.92/turn               (no ring)
MPRegen 0.18/turn               (no ring)

@: no status effects
A: powered by pain 1, magic regeneration, weakness stinger 1
a: no special abilities


You were on level 3 of the Dungeon.
You visited 1 branch of the dungeon, and saw 3 of its levels.

You collected 130 gold pieces.

Inventory:

Hand Weapons
 a - a +0 war axe (weapon)
Armour
 b - a +0 scale mail (worn)
 c - a +0 buckler (worn)
Jewellery
 f - an amulet of magic regeneration
 g - an amulet of regeneration (around neck)
Scrolls
 e - 5 scrolls of magic mapping {unknown}
 h - a scroll of summoning
 j - a scroll of noise {unknown}
 k - 2 scrolls of enchant weapon {unknown}
 l - 2 scrolls of teleportation {unknown}
 n - a scroll of torment {unknown}
Potions
 d - a potion of might
 i - a potion of lignification {unknown}
 m - a potion of attraction {unknown}


   Skills:
 + Level 3.6 Fighting
 + Level 2.6 Axes
 + Level 3.2 Armour
 + Level 3.3 Shields


You had 3 spell levels left.
You didn't know any spells.
Your spell library contained the following spells:

 Spells                   Type           Power      Damage    Failure   Level
 Corpse Rot               Necr/Air       0%         N/A       99%         2
 Poisonous Vapours        Pois/Air       0%         N/A       99%         2
 Dazzling Flash           Conj/Hex       0%         N/A       100%        3
 Iskenderun's Mystic Bla  Conj/Tloc      0%         2d3       100%        4
 Starburst                Conj/Fire      0%         6d3       100%        6


Dungeon Overview and Level Annotations

Branches:
Dungeon (3/15)

Altars:
Gozag

Annotations:
D:3 1 runed translucent door


Innate Abilities, Weirdness & Mutations

You sometimes gain a little power by taking damage.
You regenerate magic rapidly.
You have a small tail.


Message History

You closely miss the orc priest. You barely miss the orc.
The orc barely misses you.
There are monsters nearby!
You closely miss the orc priest.
You tail-slap the orc priest, but do no damage.
You hit the orc but do no damage. The orc priest closely misses you.
You block the orc's attack.
The orc priest hits you but does no damage.
The orc hits you from afar with a +0 trident!
There are monsters nearby!
You hit the orc priest but do no damage.
You hit the orc. x2; The orc hits you with a +0 mace.
The orc hits you from afar with a +0 trident.
Unknown command.
You are too injured to fight recklessly!
Unknown command.
You are too injured to fight recklessly!
Unknown command.
You are too injured to fight recklessly!
Unknown command.
You slash the orc priest!
The orc priest is severely wounded.
You barely miss the orc. x2
The orc priest hits you but does no damage.
The orc hits you with a +0 mace.
The orc hits you from afar with a +0 trident!
* * * LOW HITPOINT WARNING * * *
The orc barely misses you. You block the orc's attack.
The orc priest hits you but does no damage.
The orc closely misses you.
You barely miss the orc priest.
The orc priest is severely wounded.
You closely miss the orc. You hit the orc.
You kill the orc!
The orc hits you with a +0 mace.
* * * LOW HITPOINT WARNING * * *
The orc hits you but does no damage.
The orc priest calls down the wrath of Beogh upon you.
Beogh smites you!
You die...

#.# #......##.##..#..# ######.#
#####.#....##......
.....#.######....##.##.)..#..#...
.................+.. #....#......
.......#######...### #....)......
.......# #... #....#......
......#### #..# #....##.####
##'##....# #o.##.#....##.#
##.########### #@o...#....##.# .
.............###.o.###....##.# ##
#####.#####........# #....##..
#.# #..###....##....####
#####.#####..............##
...##........##.#...####.
.##############.#.#.# .....# #.
##.# .###.# .. >.


You could see an orc priest and 2 orcs.

Vanquished Creatures
  Robin (D:3)
  An adder (D:2)
  2 worms (D:2)
  5 orcs (D:3)
  4 ball pythons
  5 endoplasms
  2 giant cockroaches
  8 goblins
  6 hobgoblins
  4 kobolds
  2 quokkas
  3 bats
  3 frilled lizards
  3 rats
49 creatures vanquished.

Vanquished Creatures (collateral kills)
  2 hobgoblins (D:3)
  2 goblins (D:3)
4 creatures vanquished.

Grand Total: 53 creatures vanquished

Notes
Turn   | Place    | Note
-------+----------+-------------------------------------------
     0 | D:1      | Sin92 the Demonspawn Fighter began the quest for the Orb.
     0 | D:1      | Reached XP level 1. HP: 18/18 MP: 1/1
   598 | D:1      | Gained mutation: You regenerate magic rapidly. [demonic
                  | ancestry]
   598 | D:1      | Reached XP level 2. HP: 21/24 MP: 2/2
  1447 | D:2      | Gained mutation: You sometimes gain a little power by
                  | taking damage. [demonic ancestry]
  1447 | D:2      | Reached XP level 3. HP: 28/29 MP: 3/3
  1863 | D:3      | Found an opulent altar of Gozag.
  1917 | D:3      | Noticed Robin
  1927 | D:3      | Killed Robin
  1935 | D:3      | Gained mutation: You have a small tail. [demonic ancestry]
  1935 | D:3      | Reached XP level 4. HP: 7/35 MP: 4/4
  2141 | D:3      | Found a runed translucent door.
  2239 | D:3      | Killed from afar by an orc priest

Illustrated notes

Levels and vault maps discovered:
D:1:      beargit_arrival_diablo_church, layout_basic, serial_bayou_lake_a
D:2:      layout_loops_cross, minivault_11
D:3:      layout_basic, grunt_gozag_breadcrumbs, ebering_ghost_sewer_d,
          uniq_robin

Skill      XL: |  1  2 |
---------------+-------+-----
Axes           | 2 |  2.6
Armour         | 3 |  3.2
Shields        | 3 |  3.3
Fighting       | |  3.6

Action                   |  1- 3 |  4- 6 || total
-------------------------+-------+-------++-------
Melee: War axe           |   132 |    20 ||   152
       Tailslap          |       |     2 ||     2
  Use: Potion            |     2 |       ||     2
       Scroll            |       |     1 ||     1
Armor: Scale mail        |    73 |     9 ||    82
Dodge: Dodged            |    53 |     6 ||    59
Block: Buckler           |    31 |     5 ||    36
